Map: Eastwatch LE

Players

Nerchio

  • Race: Zerg Zerg
  • Spawn Location: 7:00

Serral - Winner!

  • Race: Zerg Zerg
  • Spawn Location: 1:00

Event: WCS Leipzig 2018

VOD

Have the link to the VOD?

Description

Time

  • Played on: Jan. 27, 2018, 12:38 p.m.
  • Length: 12:30

All games in this series

Show
View Real Time Build Order
Export as new Build Order

Nerchio Zerg 

Build Orders: Hatch First 

Get SALT Encoding   

  12  0:00  Drone  
  13  0:12  Overlord  
  13  0:17  Drone  
  14  0:30  Drone x2  
  14  0:34  Drone  
  17  0:52  Hatchery  
  17  0:55  Drone  
  17  0:59  Drone  
  18  1:06  Extractor  
  17  1:14  Spawning Pool  
  17  1:17  Drone  
  17  1:20  Drone  
  18  1:27  Drone  
  19  1:38  Overlord  
  19  1:49  Drone  
  20  2:01  Zergling x2, Queen  
  21  2:04  Queen  
  21  2:06  Metabolic Boost  
  21  2:08  Zergling x2  
  26  2:10  Zergling x2  
  27  2:16  Drone  
  27  2:21  Drone  
  29  2:26  Drone  
  30  2:32  Drone  
  32  2:37  Zergling x2  
  32  2:44  Hatchery  
  32  2:47  Drone  
  32  2:50  Overlord  
  32  2:56  Zergling x2  
  33  3:00  Drone, Baneling Nest  
  33  3:04  Drone  
  34  3:12  Drone x2  
  36  3:13  Drone x2  
  38  3:25  Zergling x4  
  39  3:29  Drone  
  39  3:30  Zergling x2  
  39  3:31  Lair  
  39  3:33  Drone  
  42  3:34  Zergling x2  
  43  3:41  Overlord  
  43  3:44  Baneling x2  
  43  3:45  Zergling x2  
  43  3:46  Overlord  
  44  3:50  Overlord  
  41  3:56  Extractor  
  41  3:57  Drone, Extractor  
  41  3:58  Drone x2  
  41  4:00  Drone  
  41  4:02  Drone  
  44  4:06  Zergling x2  
  45  4:11  Zergling x4  
  46  4:18  Drone x3  
  46  4:20  Drone x3  
  46  4:24  Drone  
  53  4:26  Drone x2  
  53  4:28  Drone  
  53  4:30  Drone  
  56  4:31  Drone  
  56  4:33  Baneling  
  56  4:34  Baneling  
  56  4:35  Drone  
  58  4:44  Spire  
  57  4:47  Drone x2  
  57  4:48  Extractor  
  58  4:55  Zergling x10  
  58  4:58  Zergling x2  
  62  5:01  Baneling x2, Zergling x2  
  62  5:02  Zergling x2  
  62  5:05  Zergling x4  
  65  5:09  Zergling x2  
  66  5:14  Overlord  
  63  5:27  Drone x4  
  63  5:28  Overlord  
  64  5:56  Mutalisk x3  
  64  5:57  Mutalisk x3  
  66  6:01  Mutalisk  
  66  6:03  Zergling x12  
  78  6:09  Zergling x2, Queen  
  78  6:11  Extractor  
  78  6:13  Extractor, Zerg Flyer Weapons Level 1  
  78  6:15  Zergling x4, Evolution Chamber  
  78  6:17  Zergling x4  
  80  6:22  Drone  
  80  6:24  Pneumatized Carapace  
  81  6:31  Drone x3  
  84  6:36  Mutalisk  
  84  6:38  Zergling x2  
  84  6:39  Mutalisk  
  88  6:43  Spine Crawler  
  88  6:46  Mutalisk  
  89  6:54  Zergling x2  
  90  6:55  Overlord  
  90  6:58  Overlord x3  
  90  7:00  Overlord  
  90  7:05  Overlord  
  90  7:08  Zergling x2  
  89  7:09  Overlord  
  89  7:13  Mutalisk x2  
  89  7:14  Mutalisk  
  89  7:15  Zergling x4  
  94  7:19  Zergling x4  
  94  7:22  Mutalisk  
  89  7:24  Drone  
  89  7:25  Drone  
  89  7:29  Mutalisk  
  86  7:31  Zergling x2  
  86  7:34  Drone  
  86  7:39  Drone x3  
  86  7:40  Drone x2  
  86  7:41  Drone  
  92  7:46  Drone x3  
  92  7:50  Mutalisk  
  97  7:55  Zergling x2  
  97  7:58  Mutalisk x2  
  100  8:01  Baneling  
  100  8:02  Baneling x6  
  102  8:06  Zergling x4  
  102  8:09  Zergling x4  
  102  8:12  Zergling x4  
  105  8:13  Zergling x2  
  105  8:15  Mutalisk  
  101  8:20  Mutalisk  
  101  8:21  Zergling x2  
  101  8:22  Zergling x2  
  101  8:24  Zergling x2  
  97  8:27  Spine Crawler  
  97  8:28  Zergling x2  
  97  8:30  Mutalisk  
  97  8:37  Zergling x2  
  97  8:38  Zergling x6  
  94  8:50  Mutalisk  
  94  8:52  Hatchery, Zergling x2  
  91  8:56  Zergling x2  
  91  8:58  Mutalisk  
  91  9:02  Mutalisk  
  85  9:05  Zergling x2  
  85  9:06  Mutalisk  
  85  9:08  Zergling x2  
  91  9:18  Drone x2  
  91  9:21  Drone  
  92  9:25  Zerg Flyer Weapons Level 2  
  92  9:30  Drone x2  
  92  9:31  Drone x2  
  93  9:35  Drone  
  94  9:39  Zerg Melee Weapons Level 1  
  94  9:42  Mutalisk  
  94  9:43  Hatchery  
  95  9:48  Zergling x6  
  98  9:56  Mutalisk  
  98  9:58  Zergling x2  
  92  10:01  Mutalisk  
  89  10:07  Zergling x4  
  89  10:11  Mutalisk  
  89  10:13  Zergling x2  
  91  10:16  Zergling x4  
  89  10:24  Mutalisk  
  89  10:27  Zergling x2  
  83  10:34  Mutalisk  
  84  10:39  Zergling x2  
  81  10:46  Mutalisk  
  81  10:48  Zergling x2  
  80  10:55  Mutalisk  
  75  10:59  Zergling x4  
  75  11:02  Queen  
  79  11:05  Zergling x2  
  79  11:09  Zergling x2  
  79  11:11  Zergling x2  
  82  11:13  Hatchery  
  82  11:15  Baneling  
  82  11:16  Baneling x5, Zergling x2, Queen  
  84  11:19  Baneling x4  
  84  11:22  Zergling x4  
  86  11:26  Zergling x2  
  86  11:30  Drone  
  86  11:31  Drone  
  90  11:40  Drone x4  
  90  11:43  Drone, Extractor  
  90  11:44  Hydralisk Den  
  90  11:47  Drone  
  93  11:51  Baneling  
  93  11:52  Baneling x5  
  93  11:54  Zergling x2  
  93  11:57  Zergling x2  
  91  12:01  Zergling x4  
  91  12:03  Unknown, Zergling x2  
  91  12:05  Zergling x2  
  91  12:07  Zergling x2  
  96  12:13  Zergling x2  
Show
View Real Time Build Order
Export as new Build Order

Serral Zerg - Winner!

Build Orders: Hatch First 

Get SALT Encoding   

  12  0:00  Drone  
  13  0:13  Overlord  
  13  0:17  Drone  
  14  0:31  Drone  
  14  0:32  Drone  
  14  0:35  Drone  
  17  0:52  Hatchery  
  17  0:54  Drone  
  17  0:58  Drone  
  17  1:03  Extractor  
  17  1:13  Spawning Pool  
  17  1:16  Drone  
  17  1:19  Drone  
  18  1:29  Drone  
  19  1:39  Overlord  
  19  1:59  Queen  
  19  2:00  Zergling x2  
  19  2:01  Zergling x2  
  23  2:03  Metabolic Boost  
  23  2:04  Queen  
  23  2:07  Zergling x2  
  26  2:11  Drone  
  26  2:15  Drone  
  28  2:22  Drone  
  29  2:25  Drone  
  30  2:39  Hatchery  
  29  2:45  Baneling Nest  
  29  2:47  Zergling x2  
  29  2:49  Drone  
  30  2:52  Drone  
  30  2:55  Zergling x2  
  31  2:59  Overlord  
  31  3:03  Drone  
  32  3:08  Zergling x2  
  32  3:10  Drone  
  32  3:11  Zergling x2  
  35  3:18  Zergling x2  
  35  3:19  Drone x2  
  37  3:28  Zergling x6  
  37  3:31  Baneling, Drone  
  41  3:38  Drone  
  41  3:39  Drone  
  41  3:41  Drone  
  44  3:48  Overlord, Evolution Chamber  
  43  3:49  Drone  
  43  3:50  Drone  
  43  3:53  Drone  
  45  3:56  Baneling  
  45  3:58  Drone  
  45  4:00  Drone  
  45  4:01  Drone  
  48  4:16  Zergling x6  
  51  4:17  Drone x3  
  51  4:18  Baneling  
  51  4:19  Drone x2  
  51  4:22  Overlord  
  51  4:23  Drone  
  56  4:27  Zerg Missile Weapons Level 1  
  56  4:30  Zergling x2  
  56  4:31  Zergling x2  
  58  4:32  Overlord  
  58  4:37  Baneling x2, Extractor  
  57  4:41  Lair  
  57  4:45  Drone, Roach Warren  
  58  4:46  Drone  
  58  4:50  Queen  
  58  4:51  Drone  
  58  4:52  Drone  
  62  4:57  Drone, Overlord  
  62  4:59  Drone x2  
  65  5:04  Drone x2  
  65  5:05  Drone  
  67  5:08  Overlord  
  67  5:13  Drone x2  
  67  5:14  Drone x2  
  70  5:18  Zergling x2  
  70  5:19  Zergling x4  
  71  5:25  Extractor  
  71  5:26  Extractor, Overlord  
  71  5:27  Roach x4  
  77  5:29  Overlord  
  77  5:40  Roach  
  79  5:43  Glial Reconstitution  
  79  5:44  Drone x4  
  83  5:50  Hatchery  
  83  5:53  Drone x4  
  77  6:11  Roach x8  
  92  6:15  Queen  
  92  6:17  Extractor  
  93  6:23  Roach  
  93  6:24  Roach x4, Hatchery  
  102  6:29  Drone x3  
  105  6:34  Spore Crawler x2  
  105  6:35  Spore Crawler  
  105  6:39  Queen x2  
  98  6:44  Roach  
  103  6:49  Spore Crawler, Overlord  
  103  6:54  Nydus Network  
  98  6:59  Roach x2  
  98  7:00  Roach  
  104  7:03  Roach  
  104  7:06  Overlord  
  106  7:10  Overlord  
  106  7:13  Overlord  
  106  7:14  Roach  
  106  7:16  Roach  
  106  7:18  Roach  
  106  7:21  Roach  
  102  7:24  Queen  
  102  7:27  Roach  
  96  7:30  Queen  
  96  7:36  Queen  
  92  7:42  Nydus Canal  
  92  7:43  Roach x3  
  96  7:53  Roach x5  
  96  7:58  Queen  
  106  8:00  Nydus Canal  
  106  8:03  Roach  
  106  8:04  Roach  
  110  8:06  Roach  
  112  8:14  Roach x3  
  112  8:17  Roach x2  
  118  8:21  Roach x2  
  118  8:23  Roach  
  118  8:24  Roach  
  118  8:26  Roach  
  124  8:29  Roach  
  114  8:40  Hydralisk Den  
  107  8:42  Drone x7  
  107  8:45  Drone  
  107  8:48  Zerg Missile Weapons Level 2  
  101  9:00  Spore Crawler x2  
  101  9:01  Roach x2  
  101  9:02  Roach  
  101  9:03  Roach  
  101  9:05  Roach  
  93  9:11  Muscular Augments  
  93  9:13  Hydralisk x2  
  93  9:14  Ravager, Overseer  
  93  9:16  Hydralisk  
  98  9:21  Hydralisk  
  98  9:22  Hydralisk  
  98  9:24  Hydralisk  
  98  9:26  Hydralisk  
  94  9:35  Hydralisk  
  94  9:36  Hydralisk  
  98  9:39  Spore Crawler  
  98  9:40  Drone  
  98  9:42  Drone x2  
  98  9:43  Hydralisk x2  
  104  9:48  Hydralisk  
  104  9:52  Hydralisk  
  108  9:55  Hydralisk  
  108  9:58  Hydralisk  
  107  10:03  Hydralisk  
  107  10:06  Hydralisk  
  101  10:11  Hydralisk  
  101  10:12  Hydralisk  
  98  10:18  Hydralisk  
  98  10:20  Hydralisk  
  99  10:23  Hydralisk  
  90  10:31  Hydralisk x2  
  92  10:36  Roach x2  
  92  10:37  Queen x2  
  96  10:46  Hydralisk x2  
  93  11:03  Nydus Canal  
  89  11:05  Hydralisk x3  
  89  11:10  Drone x4  
  89  11:11  Drone x2  
  101  11:14  Roach, Spore Crawler  
  101  11:15  Roach x2  
  101  11:16  Spore Crawler  
  105  11:23  Roach x3  
  111  11:27  Overlord x2  
  111  11:33  Overlord  
  111  11:34  Roach  
  111  11:35  Roach  
  111  11:37  Roach  
  117  11:42  Roach  
  117  11:44  Overlord  
  119  11:52  Roach x5  
  129  12:00  Hydralisk x3  
  133  12:05  Hydralisk  
  137  12:09  Roach  
Tags
 
Add a new tag
Caveats
  • Supply blocks, unpowered buildings, or Contaminate may cause inaccurate times.
  • Supply counts are checked every 10 seconds.